 Dungeon Crawl Stone Soup version 0.31-a0-618-g7ca08c1ff9 (webtiles) character file.

Game seed: 16948112912770881846

53 Mickster the Chopper (level 3, -4/33 HPs)
             Began as a Hill Orc Berserker on Aug 22, 2023.
             Was a Believer of Trog.
             Slain by Sigmund
             ... wielding a +0 scythe
              (9 damage)
             ... on level 2 of the Dungeon.
             The game lasted 00:04:50 (1148 turns).

Mickster the Chopper (Hill Orc Berserker)           Turns: 1148, Time: 00:04:51

Health: -4/33      AC:  2    Str: 21    XL:     3   Next: 87%
Magic:  3/3        EV: 12    Int:  7    God:    Trog [**....]
Gold:   63         SH:  0    Dex: 10    Spells: 2/2 levels left

rFire   . . .        a - +0 hand axe
rCold   . . .        (no shield)
rNeg    . . .        b - +0 animal skin
rPois   .            (no helmet)
rElec   .            (no cloak)
rCorr   .            (no gloves)
SInv    .            (no boots)
Will    .....        (no amulet)
Stlth   +            (no ring)
HPRegen 0.25/turn    (no ring)
MPRegen 0.08/turn

%: no passive effects
@: confused, on berserk cooldown, slowed, very slow
A: no striking features
a: Renounce Religion, Berserk, Trog's Hand


You were on level 2 of the Dungeon.
You worshipped Trog.
Trog was pleased with you.
You visited 1 branch of the dungeon, and saw 2 of its levels.

You collected 63 gold pieces.

Inventory:

Hand Weapons
 a - a +0 hand axe (weapon)
Missiles
 c - 2 javelins (quivered)
 d - 15 stones
Armour
 b - a +0 animal skin (worn)
Jewellery
 f - a ring of see invisible
 i - an amulet of faith
Scrolls
 h - a scroll of immolation {unknown}
 j - a scroll of enchant weapon {unknown}
 k - a scroll of noise {unknown}
 l - a scroll of teleportation {unknown}
Potions
 e - 2 potions of mutation
 g - a potion of heal wounds {unknown}


   Skills:
 + Level 4.3 Fighting
 + Level 5.0 Axes
 + Level 2.5 Armour
 + Level 2.0 Dodging


You had 2 spell levels left.
You didn't know any spells.
Your spell library was empty.

Dungeon Overview and Level Annotations

Branches:
Dungeon (2/15)

Altars:

Annotations:
D:2 Sigmund


Message History

Sigmund casts a spell at you.
You are confused.
You're too confused to move!
You feel a strong urge to attack something.
Sigmund hits you from afar with a +0 scythe.
You feel your anger nearly subside.
You are no longer berserk.
You are exhausted.
You feel yourself slow down.
Okay, then.
Found a small fluorescent amulet.
Sigmund casts a spell at you.
You are more confused.
Sigmund casts a spell at you.
You are more confused.
Sigmund points at you and mumbles some strange words.
You are more confused.
Sigmund hits you from afar with a +0 scythe.
Sigmund barely misses you.
You miss Sigmund.
A hobgoblin comes into view.
Sigmund hits you with a +0 scythe.
The hobgoblin shouts!
Sigmund completely misses you.
You bump into the rock wall.
The hobgoblin closely misses you. Sigmund hits you with a +0 scythe!
Sigmund misses you.
You hit the hobgoblin.
The hobgoblin is severely wounded.
The hobgoblin hits you. Sigmund gestures at you while chanting.
The magic dart hits you.
* * * LOW HITPOINT WARNING * * *
The hobgoblin barely misses you. Sigmund barely misses you.
The hobgoblin hits you.
* * * LOW HITPOINT WARNING * * *
You completely miss the hobgoblin.
The hobgoblin is severely wounded.
You hit Sigmund. Sigmund hits you with a +0 scythe!
You die...
Sigmund begins carving another notch in his scythe.

#.##.#.#
#.##.#.#.........
#....#.#........."
#.#..#.#..........
#.##...#..........
.##
#.##...##.........
...
##.###.............
#.. #..#
#..#@[........ ###
#.## #...g@........
# #.#
#..##.......... #.#
#.###$.###..... #.#
#. #.##.# ...#
#.###.###.#..## ##
#..##. ...#...####
##.#####..####...##
#.....##...##....#
#####.##.###.....#


You could see Sigmund and a hobgoblin.

Vanquished Creatures
  An adder (D:2)
  A dart slug (D:1)
  2 ball pythons
  2 bats (D:1)
  3 endoplasms
  A goblin (D:1)
  2 hobgoblins
  4 jackals (D:1)
  4 quokkas
  A frilled lizard (D:1)
  A kobold (D:1)
  22 rats
44 creatures vanquished.

Notes
Turn   | Place    | Note
-------+----------+-------------------------------------------
     0 | D:1      | Mickster the Hill Orc Berserker began the quest for the
                  | Orb.
     0 | D:1      | Reached XP level 1. HP: 19/19 MP: 1/1
   148 | D:1      | Reached XP level 2. HP: 27/27 MP: 2/2
   642 | D:1      | Reached XP level 3. HP: 32/33 MP: 3/3
  1024 | D:2      | Reached ** piety under Trog
  1037 | D:2      | Reached skill level 5 in Axes
  1129 | D:2      | Noticed Sigmund
  1148 | D:2      | Slain by Sigmund

Illustrated notes

Levels and vault maps discovered:
D:1:      minmay_arrival_split_and_join, layout_basic,
          hangedman_abyss_or_decor_lesser_grid
D:2:      layout_rooms, minmay_rat_hole, uniq_sigmund

Skill      XL: |  1  2  3 |
---------------+----------+-----
Fighting       | 4 |  4.3
Dodging        | 2 |  2.0
Axes           | 5 |  5.0
Armour         | |  2.5

Action                     || total
---------------------------++-------
  Melee: Hand axe          ||    96
 Invoke: Berserk           ||     4
    Use: Scroll            ||     2
 Armour: Animal skin       ||    19
  Dodge: Dodged            ||    99

Table legend: (Time is in decaauts)
 A = Elapsed time spent in this place.
 B = Non-inter-level travel time spent in this place.
 C = Inter-level travel time spent in this place.
 D = Time resting spent in this place.
 E = Time spent auto-exploring this place.
 F = Levels seen in this place.
 G = Mean time per level.
                   A        B        C        D        E       F      G
               +--------+--------+--------+--------+--------+-----+--------+
         Total |   1183 |   1100 |     83 |      0 |    722 |   2 |  591.5 |
       Dungeon |   1183 |   1100 |     83 |      0 |    722 |   2 |  591.5 |
               +--------+--------+--------+--------+--------+-----+--------+

Top non-repeatable levels by time:
     D:1: 957 daAuts
     D:2: 225 daAuts
